 Dungeon Crawl Stone Soup version 0.21-a0-260-g9b2435e (webtiles) character file.

55296 nikopol the Impaler (level 14, -9/199 HPs)
             Began as a Minotaur Berserker on Sept 6, 2017.
             Was a High Priest of Trog.
             Mangled by an orc warrior
             ... wielding a +0 scimitar
             ... led by an orc knight
              (11 damage)
             ... on level 1 of the Orcish Mines on Sept 7, 2017.
             The game lasted 01:03:13 (19960 turns).

nikopol the Impaler (Minotaur Berserker)           Turns: 19960, Time: 01:03:14

Health: -9/199     AC: 22    Str: 34    XL:     14   Next: 37%
Magic:  4/4        EV: 15    Int:  4    God:    Trog [*****.]
Gold:   1481       SH:  0    Dex: 16    Spells: 13/13 levels left

rFire    + . .     SeeInvis +   a - +6 bardiche (antimagic)
rCold    . . .     Gourm    .   (shield currently unavailable)
rNeg     + . .     Faith    .   M - +4 chain mail "Kushei" {Str+5}
rPois    .         Spirit   .   f - +2 hat
rElec    .         Reflect  .   b - +0 cloak {rF+}
rCorr    .         Harm     .   h - +2 pair of gloves {Dex+3}
MR       +....                  (no boots)
Stlth    ..........             s - amulet of regeneration
HPRegen  0.83/turn              t - ring of see invisible
MPRegen  0.09/turn              O - ring of positive energy

@: berserking, drained, very quick
A: retaliatory headbutt, horns 2
a: Berserk, Trog's Hand, Brothers in Arms, Burn Spellbooks, Renounce Religion


You were on level 1 of the Orcish Mines.
You worshipped Trog.
Trog was extremely pleased with you.
You were hungry.

You visited 3 branches of the dungeon, and saw 17 of its levels.
You also visited: Ice Cave and Volcano.

You collected 1481 gold pieces.

Inventory:

Hand Weapons
 a - a +6 antimagic bardiche (weapon)
 z - a +3 longbow
 E - a +3 shortbow of flaming
Missiles
 i - 258 arrows
Armour
 b - a +0 cloak of fire resistance (worn)
 f - a +2 hat (worn)
 h - a +2 pair of gloves of dexterity (worn)
 F - a +2 scale mail of fire resistance
 M - the +4 chain mail "Kushei" (worn) {Str+5}
   (You found it on level 6 of the Lair of Beasts)

   It affects your strength (+5).
 N - a +2 ring mail of cold resistance
Jewellery
 s - an amulet of regeneration (around neck)
 t - a ring of see invisible (left hand)
 O - a ring of positive energy (right hand)
Wands
 w - a wand of clouds (9/9)
 C - a wand of scattershot (3/9)
 I - a wand of acid (4/15)
Scrolls
 e - 3 scrolls of identify
 j - 4 scrolls of enchant armour
 l - 13 scrolls of teleportation
 m - 7 scrolls of remove curse
 v - 5 scrolls of recharging
 y - a scroll of fear
 G - a scroll of brand weapon
 J - a scroll of summoning
Potions
 k - a potion of cancellation
 n - 4 potions of heal wounds
 p - a potion of agility
 r - 9 potions of curing
 x - 4 potions of resistance
 A - 2 potions of flight
 B - a potion of brilliance
 D - 2 potions of mutation
 H - a potion of berserk rage
 K - 4 potions of haste
Comestibles
 c - 6 bread rations
 d - 9 meat rations
 g - 5 chunks of flesh
 u - 19 fruits


   Skills:
 + Level 14.6(13.7) Fighting
 + Level 15.2(14.3) Polearms
 + Level 13.1(12.2) Bows
 + Level 11.7(10.8) Armour
 + Level 9.3(8.5) Dodging
 + Level 4.7(4.0) Stealth


You had 13 spell levels left.
You didn't know any spells.

Dungeon Overview and Level Annotations

Branches:
Dungeon (9/15)             Temple (0/1) D:6            Lair (6/6) D:8
  Swamp (0/4) Lair:3        Snake (0/4) Lair:2        Slime (0/5) Lair:6
    Orc (2/2) D:9             Elf (0/3) Orc:2

Altars:
Cheibriados
Hepliaklqana
Trog
Uskayaw
Beogh

Shops:
D:8 }


Innate Abilities, Weirdness & Mutations

You reflexively headbutt those who attack you in melee.
You have a pair of horns on your head.


Message History

You headbutt the orc warrior.
The orc warrior hits you with a short sword!
* * * LOW HITPOINT WARNING * * *
The orc warlord hits you with a war axe of chopping!!
* * * LOW HITPOINT WARNING * * *
x2 The orc warrior hits you with a scimitar of draining!!
* * * LOW HITPOINT WARNING * * *
You partially resist.
You feel drained.
* * * LOW HITPOINT WARNING * * *
You slash the orc warlord!
You kill the orc warlord!
Trog accepts your kill. The orc warrior closely misses you.
You furiously retaliate!
You headbutt the orc warrior, but do no damage.
Your chain mail "Kushei" prevents you from hitting the orc warrior.
Your headbutt misses the orc warrior.
The orc warrior is moderately wounded.
The orc warrior barely misses you.
The orc warrior hits you with a scimitar!
You die...

##..### #.### ##.....##
####..## #.......## ##......###
##........###....^....##
#..........#....^......#
#..........#...........###
####......................#.#
###.......#..)o...............#
#.........#..o@)......#..#.....
#........###.)oo.....#####.....
###.......#..........###.......
#....................#........
##..........................##
##.#(.....................##
###..........####........#
##........###........###
###.......####.........#.##


You could see 4 orc warriors.

Vanquished Creatures
  An orc warlord (Orc:1)
  A stone giant (Orc:1)
  Nessos (Lair:5)
  Snorg (Lair:4)
  A fire dragon (Lair:6)
  5 hydras
  3 two-headed ogres
  12 death yaks
  A lindwurm (Lair:5)
  A swamp dragon (Lair:3)
  A necromancer (IceCv)
  2 salamanders (Volcano)
  7 black mambas
  9 elephants (Lair:6)
  Joseph (D:7)
  Maurice (D:8)
  2 ice statues (IceCv)
  A torpor snail (Lair:6)
  14 spiny frogs
  2 molten gargoyles (Lair:6)
  A rime drake (Lair:5)
  6 komodo dragons
  8 ice devils (IceCv)
  4 polar bears (Lair:2)
  2 trolls (D:9)
  Prince Ribbit (D:8)
  8 dream sheep
  21 blink frogs
  3 hippogriffs
  5 wyverns (Lair:6)
  10 yaks
  A fire bat (Volcano)
  2 basilisks (Lair:4)
  2 steam dragons (Lair:6)
  Grum (D:9)
  2 hungry ghosts (D:8)
  2 wargs (Orc:1)
  14 water moccasins
  6 porcupines
  6 hell hounds
  9 orc warriors
  4 sky beasts
  5 black bears
  4 phantoms
  4 ice beasts
  A necrophage (D:9)
  5 ogres
  16 wolves
  4 centaurs
  7 crocodiles
  A big kobold (D:8)
  5 bullfrogs
  7 scorpions
  2 howler monkeys
  3 wights (D:9)
  A crimson imp (D:6)
  5 lava snakes (Lair:6)
  4 electric eels
  A centaur zombie (D:3)
  A bullfrog zombie (D:8)
  A draconian simulacrum (IceCv)
  A hound (D:6)
  8 jellies
  A quasit (D:7)
  Crazy Yiuf (D:6)
  2 centaur skeletons
  10 orc priests
  3 bullfrog skeletons
  5 iguanas
  8 worker ants
  Natasha (thrice) (D:4)
  10 orc wizards
  5 troll simulacra (IceCv)
  A centaur simulacrum (IceCv)
  Robin (D:3)
  A naga simulacrum (IceCv)
  2 ogre simulacra (IceCv)
  9 adders
  A shadow imp (D:7)
  An adder zombie (D:6)
  An adder skeleton (D:4)
  4 worms
  2 dart slugs
  4 leopard geckos
  35 orcs
  5 giant cockroaches
  17 goblins
  7 hobgoblins
  6 jackals
  10 kobolds
  5 quokkas
  2 ball pythons
  10 bats
  4 frilled lizards
  A leopard gecko skeleton (D:7)
  A quokka zombie (D:5)
  4 rats
453 creatures vanquished.

Vanquished Creatures (collateral kills)
  A komodo dragon (Lair:1)
  2 wolves (Lair:1)
3 creatures vanquished.

Vanquished Creatures (others)
  6 fungi
  6 plants
12 creatures vanquished.

Grand Total: 468 creatures vanquished

Notes
Turn   | Place    | Note
-------+----------+-------------------------------------------
     0 | D:1      | nikopol the Minotaur Berserker began the quest for the Orb.
     0 | D:1      | Reached XP level 1. HP: 19/19 MP: 0/0
   141 | D:1      | Reached XP level 2. HP: 16/27 MP: 1/1
   590 | D:2      | Reached skill level 4 in Polearms
   615 | D:2      | Reached XP level 3. HP: 17/33 MP: 2/2
  1206 | D:2      | Reached ** piety under Trog
  1782 | D:3      | Reached XP level 4. HP: 31/41 MP: 3/3
  1846 | D:3      | Noticed Robin
  1882 | D:3      | Killed Robin
  2385 | D:3      | Reached skill level 5 in Polearms
  2385 | D:3      | Reached XP level 5. HP: 38/47 MP: 4/4
  2914 | D:4      | Noticed Natasha
  2918 | D:4      | Killed Natasha
  2918 | D:4      | Reached skill level 5 in Fighting
  3004 | D:4      | Noticed Natasha
  3010 | D:4      | Killed Natasha
  3024 | D:4      | Reached skill level 6 in Polearms
  3024 | D:4      | Reached XP level 6. HP: 47/56 MP: 5/5
  3135 | D:4      | Noticed Natasha
  3138 | D:4      | Killed Natasha
  3171 | D:5      | Entered Level 5 of the Dungeon
  3196 | D:5      | Reached *** piety under Trog
  3226 | D:5      | Found a hide-covered altar of Uskayaw.
  3458 | D:5      | Reached skill level 7 in Polearms
  3458 | D:5      | Reached skill level 1 in Stealth
  3464 | D:5      | Noticed a sky beast
  3470 | D:5      | Killed a sky beast
  3470 | D:5      | Reached XP level 7. HP: 41/61 MP: 6/6
  3776 | D:5      | Found a hazy altar of Hepliaklqana.
  3795 | D:5      | Reached skill level 8 in Polearms
  4085 | D:5      | You fall through a shaft!
  4085 | D:6      | Found a staircase to the Ecumenical Temple.
  4133 | D:6      | Reached XP level 8. HP: 71/71 MP: 7/7
  4134 | D:6      | Reached skill level 9 in Polearms
  4504 | D:6      | Reached skill level 10 in Polearms
  4756 | D:6      | Reached skill level 5 in Dodging
  5189 | D:6      | Found a runed door.
  5193 | D:6      | Noticed Crazy Yiuf
  5203 | D:6      | Killed Crazy Yiuf
  5736 | D:7      | Reached XP level 9. HP: 78/79 MP: 8/8
  5884 | D:7      | Noticed Joseph
  5906 | D:7      | Killed Joseph
  6073 | D:7      | Reached skill level 11 in Polearms
  6193 | D:8      | Noticed Prince Ribbit
  6200 | D:8      | Killed Prince Ribbit
  6200 | D:8      | Reached skill level 5 in Armour
  6280 | D:8      | Reached **** piety under Trog
  6283 | D:8      | Noticed Maurice
  6306 | D:8      | Killed Maurice
  6314 | D:8      | Upgraded the game from 0.21-a0-258-g4c0eb85 to 0.21-a0-260-g9b2435e
  6606 | D:8      | Reached skill level 1 in Bows
  6675 | D:8      | Reached skill level 12 in Polearms
  6774 | D:8      | Reached XP level 10. HP: 85/90 MP: 9/9
  6952 | D:8      | Found Tud Narif's Gadget Shop.
  6977 | D:8      | Reached ***** piety under Trog
  7188 | D:8      | Found a staircase to the Lair.
  7237 | D:9      | Noticed Grum
  7592 | D:9      | Found a roughly hewn altar of Beogh.
  7592 | D:9      | Found a staircase to the Orcish Mines.
  7624 | D:9      | Killed Grum
  8007 | D:9      | Found a bloodstained altar of Trog.
  8326 | Lair:1   | Entered Level 1 of the Lair of Beasts
  8405 | Lair:1   | Noticed a five-headed hydra
  8426 | Lair:1   | Killed a six-headed hydra
  8660 | Lair:1   | Reached skill level 5 in Bows
  8838 | Lair:1   | Reached skill level 13 in Polearms
  9219 | Lair:2   | Found a staircase to the Snake Pit.
  9233 | Lair:2   | Noticed a spiny frog
  9243 | Lair:2   | Killed a spiny frog
  9258 | Lair:2   | Found a frozen archway.
  9305 | IceCv    | Entered an ice cave
  9327 | IceCv    | Reached skill level 10 in Fighting
  9327 | IceCv    | Reached XP level 11. HP: 99/99 MP: 10/10
 10228 | IceCv    | Received a gift from Trog
 10452 | IceCv    | Noticed a necromancer
 10453 | IceCv    | Found the +8 Wrath of Trog {antimagic, *Rage}
 10460 | IceCv    | Killed a necromancer
 10473 | IceCv    | Got a shimmering scale mail
 10787 | Lair:2   | Identified the cursed +0 scale mail of the Great Game {rC+ rN+ Str+4} (You found it in an ice cave)
 10827 | Lair:2   | Received a gift from Trog
 11081 | Lair:2   | Noticed a seven-headed hydra
 11088 | Lair:2   | Killed a seven-headed hydra
 12130 | Lair:2   | Reached XP level 12. HP: 62/110 MP: 11/11
 12419 | Lair:3   | Reached skill level 14 in Polearms
 12453 | Lair:3   | Found a staircase to the Swamp.
 12513 | Lair:3   | Found a dark tunnel.
 12520 | Volcano  | Entered a volcano
 12550 | Volcano  | Noticed a two-headed ogre
 12551 | Volcano  | Noticed a two-headed ogre
 12565 | Volcano  | Killed a two-headed ogre
 12583 | Volcano  | Killed a two-headed ogre
 14151 | Lair:4   | Noticed a five-headed hydra
 14155 | Lair:4   | Killed a five-headed hydra
 14318 | Lair:4   | Noticed Snorg
 14328 | Lair:4   | Killed Snorg
 14413 | Lair:4   | Found a snail-covered altar of Cheibriados.
 14437 | Lair:4   | Received a gift from Trog
 14552 | Lair:4   | Reached skill level 10 in Bows
 14987 | Lair:4   | Reached skill level 10 in Armour
 14990 | Lair:4   | Received a gift from Trog
 15490 | Lair:5   | Reached XP level 13. HP: 111/119 MP: 12/12
 15545 | Lair:5   | Noticed Nessos
 15550 | Lair:5   | Killed Nessos
 17542 | Lair:6   | Entered Level 6 of the Lair of Beasts
 17757 | Lair:6   | Identified a scroll of acquirement
 17900 | Lair:6   | Found a staircase to the Slime Pits.
 18252 | Lair:6   | Received a gift from Trog
 18371 | Lair:6   | Reached XP level 14. HP: 75/132 MP: 13/13
 19117 | Lair:6   | Found a large runed door.
 19118 | Lair:6   | Found a large runed door.
 19174 | Lair:6   | Got a slimy chain mail
 19199 | Lair:6   | Identified the +4 chain mail "Kushei" {Str+5} (You found it on level 6 of the Lair of Beasts)
 19479 | Orc:1    | Entered Level 1 of the Orcish Mines
 19546 | D:9      | Reached skill level 15 in Polearms
 19662 | D:9      | Received a gift from Trog
 19663 | D:9      | Got a pitted dagger {god gift}
 19664 | D:9      | Identified the +5 dagger "Deiho" {venom, Dex+4} (Trog gifted it to you on level 9 of the Dungeon)
 19847 | Orc:1    | Noticed a stone giant
 19852 | Orc:1    | Killed a stone giant
 19926 | Orc:2    | Entered Level 2 of the Orcish Mines
 19926 | Orc:2    | Found a staircase to the Elven Halls.
 19926 | Orc:2    | Noticed an orc warlord
 19958 | Orc:1    | HP: 2/199 [orc warrior/scimitar of draining[an orc warlord] (20)]
 19959 | Orc:1    | Killed an orc warlord
 19960 | Orc:1    | Mangled by an orc warrior

Vault maps used:
D:1:      matt_arrival_spirals, st_stairs_3
D:2:      wad_crossroads, first_bread
D:3:      grunt_ministairs_4, uniq_robin
D:4:      uniq_natasha
D:5:      eat_drink_and_be_merry_uskayaw, basic_altar, kennysheep_pointless_box,
          minmay_misc_feat_five
D:6:      kennysheep_spiral_hall, minmay_temple_entry_grid,
          uniq_crazy_yiuf_cottage
D:7:      uniq_joseph
D:8:      lair_entry_dummy, serial_shops, kennysheep_mini_moat,
          uniq_prince_ribbit1, uniq_maurice
D:9:      minmay_orc_entry_temple_small, basic_altar, uniq_grum
Lair:1:   grunt_megastairs_5
Lair:2:   beast_lair_carwin_large_2, dummy_snake_entry,
          portal_ice_cave_entry_pillars_2, st_stairs_5, lemuel_fruit_tree
Lair:3:   minmay_swamp_entry_reptiles, enter_volcano_2,
          infiniplex_staircase_pool, serial_bayou_shore_b
Lair:4:   basic_altar, serial_bayou_lagoon_b, uniq_snorg
Lair:5:   cheibrodos_lair_caveside_slide, minivault_23, lemuel_fruit_fields,
          uniq_nessos
Lair:6:   cheibrodos_lair_end_hotspot, nicolae_slime_entry_slimehenge,
          patterned_corridor, serial_bayou_shore_b, serial_bayou_shore_b
Orc:2:    st_orc_open
IceCv:    ice_cave_tombish
Volcano:  volcano_village

Skill      XL: |  1  2  3  4  5  6  7  8  9 10 11 12 13 14 |
---------------+-------------------------------------------+-----
Fighting       | 4 5 6 7 8 10 11 12 14 | 14.6
Polearms       | 4 5 6 7 8 10 12 13 14 15 | 15.2
Armour         | 3 4 5 6 8 10 11 | 11.7
Dodging        | 3 4 5 6 7 8 9 |  9.3
Stealth        | 1 2 3 4 |  4.7
Bows           | 2 5 7 10 12 13 | 13.1

Action                   |  1- 3 |  4- 6 |  7- 9 | 10-12 | 13-15 || total
-------------------------+-------+-------+-------+-------+-------++-------
Melee: Spear             |   100 |    11 |       |       |       ||   111
       Headbutt          |     9 |    18 |    50 |   124 |   120 ||   321
       Trident           |       |   102 |   320 |   537 |   277 ||  1236
       Bardiche          |       |       |       |       |    51 ||    51
 Fire: Shortbow          |       |       |    26 |    70 |       ||    96
       Longbow           |       |       |       |   120 |   165 ||   285
Invok: Berserk           |       |     1 |     6 |     8 |     3 ||    18
       Burn Spellbooks   |       |       |       |     3 |     1 ||     4
       Brothers in Arms  |       |       |       |     1 |       ||     1
  Use: Scroll            |       |       |       |    15 |    16 ||    31
       Potion            |       |       |       |     1 |     1 ||     2
 Stab: Sleeping          |       |     1 |     3 |     7 |       ||    11
  Eat: Chunk             |     2 |     7 |    16 |    20 |     9 ||    54
       Royal jelly       |       |       |     1 |     4 |     1 ||     6
       Fruit             |       |       |     1 |     2 |     1 ||     4
       Bread ration      |       |       |       |     1 |     1 ||     2
Armor: Animal skin       |    17 |     2 |     2 |       |       ||    21
       Ring mail         |       |       |    45 |    64 |       ||   109
       Scale mail        |       |       |       |    53 |    73 ||   126
       Chain mail        |       |       |       |       |    66 ||    66
Dodge: Dodged            |    56 |    52 |   106 |   242 |   287 ||   743

Table legend:
 A = Spawn XP
 B = Non-spawn XP
 C = Spawn XP percentage of total XP
 D = Spawn monster count
 E = Non-spawn monster count
 F = Spawn count percentage of total count
 G = Total turns spent on level
                    A         B        C        D         E        F      G
               +---------+---------+-------+---------+---------+-------+---------
         Total |       0 |   78995 |   0.0 |       0 |     456 |   0.0 | 19960
               +---------+---------+-------+---------+---------+-------+---------
           D:1 |       0 |      28 |   0.0 |       0 |      17 |   0.0 |   621
           D:2 |       0 |      67 |   0.0 |       0 |      21 |   0.0 |  1118
           D:3 |       0 |     130 |   0.0 |       0 |      27 |   0.0 |   994
           D:4 |       0 |     229 |   0.0 |       0 |      10 |   0.0 |   438
           D:5 |       0 |     641 |   0.0 |       0 |      12 |   0.0 |  1156
           D:6 |       0 |    1397 |   0.0 |       0 |      29 |   0.0 |  1007
           D:7 |       0 |     892 |   0.0 |       0 |      13 |   0.0 |   896
           D:8 |       0 |    2672 |   0.0 |       0 |      36 |   0.0 |  1257
           D:9 |       0 |    4399 |   0.0 |       0 |      54 |   0.0 |  1110
        Lair:1 |       0 |    2162 |   0.0 |       0 |      10 |   0.0 |   920
        Lair:2 |       0 |    6957 |   0.0 |       0 |      26 |   0.0 |  1670
        Lair:3 |       0 |    4653 |   0.0 |       0 |      23 |   0.0 |  1099
        Lair:4 |       0 |   10263 |   0.0 |       0 |      34 |   0.0 |  1888
        Lair:5 |       0 |   14545 |   0.0 |       0 |      32 |   0.0 |  1990
        Lair:6 |       0 |   18139 |   0.0 |       0 |      59 |   0.0 |  1590
         Orc:1 |       0 |    4165 |   0.0 |       0 |      21 |   0.0 |   255
         Orc:2 |       0 |       6 |   0.0 |       0 |       2 |   0.0 |    10
         IceCv |       0 |    4560 |   0.0 |       0 |      21 |   0.0 |  1456
       Volcano |       0 |    3090 |   0.0 |       0 |       9 |   0.0 |   485
               +---------+---------+-------+---------+---------+-------+---------
